AoeStats
← tomaro92

Black Forest

506106341Analyzed
1v1 RM · 20d ago on Sep 12, 2026· 29m 0s· 2 players
Game mode
Random Map
Map size
Tiny (2 player)
Population
200
Speed
Normal
Resources
Standard
Victory
Conquest
Starting age
Dark Age
Ending age
Imperial Age
RankedLock teamsTeams togetherTeam positionsShared explorationLock speedFull tech treeHidden civsTurbo modeCheats
Victory
Defeat
🇩🇪 Vietnamese · Germany
1175
+15
🇳🇴 Turks · Norway
1161
-15
fstorehaug
0:41 Loom
14:34 Feudal Age
16:13 Double-Bit Axe
18:34 Horse Collar
21:17 Castle Age
19:54 Gold Mining
20:25 Fishing Lines
26:00 Imperial Age
24:36 Gold Shaft Mining
26:03 Padded Archer Armor
26:16 Bow Saw
26:10 Heavy Plow
26:12 Gillnets
tomaro92
0:41 Loom
12:30 Feudal Age
16:55 Castle Age
15:32 Double-Bit Axe
15:29 Horse Collar
15:42 Gold Mining
17:48 Bow Saw
19:54 Scale Mail Armor
22:45 Squires
23:46 Arson
24:36 Chain Mail Armor
25:43 Arson
30:13 Wheelbarrow
Connection lost

Rejoining the realm…

Still unreachable

The connection could not be restored.

Session expired

The server has moved on; the page needs a fresh start.